[Event "ICC Open 2015"]
[Site "Internet Chess Club"]
[Date "2015.05.29"]
[Round "4"]
[White "Shadeath"]
[Black "depressnyak"]
[Result "0-1"]
[ICCResult "White checkmated"]
[WhiteElo "2919"]
[BlackElo "3246"]
[Opening "Pirc: Sveshnikov system"]
[ECO "B07"]
[NIC "PU.07"]
[Time "19:49:03"]
[TimeControl "180+0"]

1. e4 d6 2. d4 Nf6 3. Nc3 g6 4. g3 Bg7 5. Bg2 O-O 6. Nge2 Na6 7. O-O c5 8.
h3 Rb8 9. Be3 b6 10. Qd2 Bb7 11. d5 Nc7 12. Bh6 b5 13. Bxg7 Kxg7 14. a3 a5
15. b4 axb4 16. axb4 Na6 17. Nxb5 Qb6 18. c4 Nxb4 19. f4 Ra8 20. e5 Nfxd5
21. exd6 exd6 22. f5 Rxa1 23. Rxa1 Nf6 24. Qxd6 Qxd6 25. Nxd6 Bxg2 26. Kxg2
Rd8 27. Nb7 Rd2 28. Kf3 Nd3 29. Ke3 Rb2 30. Kxd3 Rxb7 31. fxg6 hxg6 32. Ra5
Rd7+ 33. Ke3 Re7+ 34. Kf3 Ne4 35. Nf4 Nd2+ 36. Kf2 Rd7 37. Ke2 Ne4 38. g4
Rd4 39. Ke3 Rxc4 40. Nd5 Nf6 41. Nf4 Rc3+ 42. Kd2 Rf3 43. Ra4 g5 44. Nd3
Rxh3 45. Nxc5 Rg3 46. Ra7 Rxg4 47. Ne6+ Kg6 48. Nf8+ Kg7 49. Ne6+ Kg6 50.
Nf8+ Kh5 51. Rxf7 Rf4 52. Ke2 Kg4 53. Ne6 Re4+ 54. Kf2 Rxe6 55. Ra7 Kf4 56.
Ra4+ Ne4+ 57. Kg2 g4 58. Ra2 Rd6 59. Re2 Rd2 60. Rxd2 Nxd2 61. Kf2 g3+ 62.
Ke2 Ne4 63. Kf1 Kf3 64. Ke1 g2 65. Kd1 g1=Q+ 66. Kc2 Qd4 67. Kb3 Qc3+ 68.
Ka4 Qb2 69. Ka5 Nc3 70. Ka6 Qb5+ 71. Ka7 Nd5 72. Ka8 Ke4 73. Ka7 Qb6+ 74.
Ka8 Nc7# {White checkmated} 0-1

[Event "ICC Open 2015"]
[Site "Internet Chess Club"]
[Date "2015.05.29"]
[Round "4"]
[White "ultramagic1"]
[Black "Kyekerz"]
[Result "0-1"]
[ICCResult "White forfeits on time"]
[WhiteElo "1794"]
[BlackElo "1261"]
[Opening "Scandinavian: Pytel-Wade variation"]
[ECO "B01"]
[NIC "SD.02"]
[Time "19:49:13"]
[TimeControl "180+0"]

1. e4 d5 2. exd5 Qxd5 3. Nc3 Qd6 4. Nf3 Nf6 5. d4 Nc6 6. Bc4 Bg4 7. Be3
O-O-O 8. O-O e6 9. Qd2 Nxd4 10. Nxd4 e5 11. Nb3 Qxd2 12. Bxd2 Bb4 13. Be3
Bxc3 14. bxc3 Bh5 15. a4 Ne4 16. a5 Nxc3 17. Bxa7 Rd7 18. Be3 Rhd8 19. a6
bxa6 20. Bxa6+ Kb8 21. Nc5 Rd1 22. Rfxd1 Rxd1+ 23. Rxd1 Bxd1 24. Nd7+ Ka8
25. Nxe5 Bxc2 26. Nxf7 Ne4 27. Kf1 c5 28. Ke1 Bb3 29. Ke2 Bxf7
{White forfeits on time}
0-1

[Event "ICC Open 2015"]
[Site "Internet Chess Club"]
[Date "2015.05.29"]
[Round "4"]
[White "delerio"]
[Black "Peter-Patzer"]
[Result "1-0"]
[ICCResult "Black resigns"]
[WhiteElo "2629"]
[BlackElo "2112"]
[Opening "Benoni: Nimzovich (knight's tour) variation"]
[ECO "A61"]
[NIC "BI.27"]
[Time "19:49:34"]
[TimeControl "180+0"]

1. d4 Nf6 2. c4 c5 3. d5 e6 4. Nc3 exd5 5. cxd5 d6 6. Nf3 g6 7. Nd2 Nbd7 8.
Nc4 Nb6 9. e4 Nxc4 10. Bxc4 Bg7 11. O-O O-O 12. h3 a6 13. a4 Rb8 14. Bf4 Qe7
15. e5 Ne8 16. exd6 Nxd6 17. Re1 Qd8 18. Bf1 Bf5 19. Qf3 Qd7 20. g4 Bc2 21.
Rac1 Bb3 22. Bxd6 Qxd6 23. Ne4 Qxd5 24. Rxc5 Qe6 25. Re3 Bd5 26. Rxd5 Kh8
27. Bc4 Qc6 28. Rc5 Qb6 29. b3 f5 30. gxf5 gxf5 31. Rxf5 Qg6+ 32. Ng3 Rbd8
33. Qg4 Qd6 34. Rxf8+ Rxf8 35. Nf5 Qf6 36. Qxg7+ Qxg7+ 37. Nxg7 Kxg7 38.
Re7+ Kf6 39. Rxb7 Rd8 40. Rxh7 a5 41. Kg2 Ke5 42. Rh5+ Kf4 43. Rxa5 Rg8+ 44.
Kf1 Rf8 45. Rb5 Kf3 46. a5 Rd8 47. Be2+ Kf4 48. a6 Rd3 49. Bxd3 {Black
resigns} 1-0

[Event "ICC Open 2015"]
[Site "Internet Chess Club"]
[Date "2015.05.29"]
[Round "4"]
[White "ClockWatcher"]
[Black "chessassassin"]
[Result "1/2-1/2"]
[ICCResult "Black ran out of time and White has no material to mate"]
[WhiteElo "1832"]
[BlackElo "1703"]
[Opening "Sicilian"]
[ECO "B50"]
[NIC "SI.01"]
[Time "19:48:59"]
[TimeControl "180+0"]

1. e4 c5 2. Nf3 d6 3. c3 Nf6 4. h3 Nc6 5. Bd3 g6 6. O-O Bg7 7. Re1 O-O 8. a3
a6 9. Bc2 b5 10. d4 cxd4 11. cxd4 Bb7 12. d5 Ne5 13. Nxe5 dxe5 14. Nc3 Rc8
15. Be3 Ne8 16. Qd2 Nd6 17. Bb3 a5 18. Bh6 b4 19. axb4 axb4 20. Na2 Nc4 21.
Bxc4 Rxc4 22. Bxg7 Kxg7 23. Nxb4 Rd4 24. Qc3 Qd6 25. Nc6 Rc8 26. Rac1 Bxc6
27. dxc6 Rc7 28. b4 Qxb4 29. Qxb4 Rxb4 30. Rc3 Rb6 31. Rec1 Kf6 32. g3 Ke6
33. Kg2 Rb4 34. Kf3 Kd6 35. Rd3+ Rd4 36. Rdc3 e6 37. h4 f5 38. exf5 exf5 39.
Kg2 e4 40. R3c2 Rd3 41. Rc5 Rd2 42. R5c2 Rxc2 43. Rxc2 Rxc6 44. Rd2+ Ke7 45.
Ra2 Rc7 46. Ra8 Kf7 47. Rh8 Kg7 48. Re8 Rc2 49. Kg1 Re2 50. Kf1 Rc2 51. g4
fxg4 52. Rxe4 h5 53. Re6 Rc3 54. Rb6 Rh3 55. Kg2 Rxh4 56. Rb7+ Kh6 57. Rb6
Rh3 58. Rb5 Rf3 59. Rb8 Rf5 60. Rh8+ Kg5 61. Rb8 h4 62. Rb3 Rd5 63. Kg1 Kf4
64. Kg2 g3 65. fxg3+ hxg3 66. Rb4+ Kg5 67. Kxg3 Rd3+ 68. Kf2 Kh5 69. Rb5+ g5
70. Ke2 Ra3 71. Rb8 Kh4 72. Kd2 Kg3 73. Kc2 g4 74. Kb2 Rf3 75. Rg8 Kh3 76.
Kc2 g3 77. Kd2 g2 78. Ke2 Rg3 79. Rh8+ Kg4 80. Rg8+ Kf4 81. Rxg3 Kxg3 82.
Ke3 {Black ran out of time and White has no material to mate} 1/2-1/2

[Event "ICC Open 2015"]
[Site "Internet Chess Club"]
[Date "2015.05.29"]
[Round "4"]
[White "Spirals"]
[Black "UzbekTiger"]
[Result "0-1"]
[ICCResult "White forfeits on time"]
[WhiteElo "2137"]
[BlackElo "2799"]
[Opening "Sicilian: dragon variation"]
[ECO "B73"]
[NIC "SI.15"]
[Time "19:48:55"]
[TimeControl "180+0"]

1. e4 c5 2. Nf3 d6 3. Nc3 Nf6 4. d4 cxd4 5. Nxd4 g6 6. Be2 Bg7 7. O-O O-O 8.
Be3 Nc6 9. Kh1 d5 10. exd5 Nxd5 11. Nxd5 Qxd5 12. Bf3 Qc4 13. Nxc6 bxc6 14.
c3 Rb8 15. Qd2 Ba6 16. Rfd1 Rb7 17. Rac1 Qxa2 18. Bxc6 Rxb2 19. Qd7 Be2 20.
Re1 Qe6 21. Qxe6 fxe6 22. Bxa7 Bc4 23. Be3 Rc8 24. Bf3 Kf7 25. Kg1 Bd5 26.
Bd4 Bxf3 27. Bxg7 Kxg7 28. gxf3 Kf6 29. Re3 Rc4 30. Rce1 Rb6 31. Rd1 Rbc6
32. Rdd3 R6c5 33. Kf1 Ra4 34. Kg2 Rg5+ 35. Kf1 Ra1+ 36. Ke2 Rgg1 37. Rd2 Rh1
38. Kd3 Rxh2 39. Rde2 Ra6 40. c4 Rh5 41. f4 Rha5 42. Ke4 h5 43. Rc3 h4 44.
Kf3 h3 45. Kg3 Rh5 46. Kh2 Rc6 47. Rec2 Rcc5 48. Rxh3 Rhf5 49. Kg3 Ra5 50.
Rc3 Ra1 51. Rh8 Rc5 52. Rf8+ Kg7 53. Rd8 Rg1+ 54. Kf3 Ra1 55. Rd7 Kf6 56.
Rd4 Ra4 57. Re4 Rb4 58. Rce3 Rc6 59. Rc3 g5 60. Rce3 gxf4 61. Rxf4+ Kg7 62.
Re5 Rb3+ {White forfeits on time} 0-1

[Event "ICC Open 2015"]
[Site "Internet Chess Club"]
[Date "2015.05.29"]
[Round "4"]
[White "MaestroASK"]
[Black "Sebs"]
[Result "0-1"]
[ICCResult "White forfeits on time"]
[WhiteElo "2613"]
[BlackElo "2975"]
[Opening "Benko's opening"]
[ECO "A00"]
[NIC "VO.09"]
[Time "19:49:21"]
[TimeControl "180+0"]

1. g3 e5 2. d3 d5 3. e4 dxe4 4. dxe4 Qxd1+ 5. Kxd1 Nc6 6. f3 Bc5 7. Bh3 Bxh3
8. Nxh3 Nge7 9. Nd2 O-O 10. c3 a5 11. a4 f5 12. exf5 Nxf5 13. Ke2 Nd6 14.
Ne4 Nxe4 15. fxe4 Rae8 16. Rf1 Rxf1 17. Kxf1 Nd8 18. Ke2 Nf7 19. Be3 b6 20.
Nf2 Nd6 21. b3 Kf7 22. Bxc5 bxc5 23. c4 Rb8 24. Ra3 Ke6 25. Ke3 Nf7 26. Nd3
Kd6 27. Nc1 Nd8 28. Ra2 Nc6 29. Rd2+ Nd4 30. Rd3 Rf8 31. h4 Rf1 32. Kd2 Rf2+
33. Kd1 Rg2 34. Re3 Rg1+ 35. Kd2 h6 36. Rd3 g5 37. hxg5 hxg5 38. Re3 g4 39.
Rd3 Ke6 40. Re3 Nf3+ 41. Kc2 Rxg3 42. Kc3 Rg2 43. Re2 Rg1 44. Nd3 Nd4 45.
Rh2 g3 46. Rh6+ Ke7 47. Nxe5 Rc1+ 48. Kd3 g2 49. Rg6 g1=Q 50. Rxg1 Rxg1 51.
Kc3 Rg3+ 52. Kd2 Rxb3 53. Nd3 Kd6 54. e5+ Kc6 55. Nf4 Rb4 56. Kc3 Rxa4 57.
Nd5 Ra3+ 58. Kd2 Nf3+ 59. Kc2 Nxe5 {White forfeits on time} 0-1

[Event "ICC Open 2015"]
[Site "Internet Chess Club"]
[Date "2015.05.29"]
[Round "4"]
[White "Blondicheck"]
[Black "Cinzento"]
[Result "1-0"]
[ICCResult "Black forfeits on time"]
[WhiteElo "1554"]
[BlackElo "1732"]
[Opening "Sicilian, Szén (`anti-Taimanov') variation"]
[ECO "B44"]
[NIC "SI.39"]
[Time "19:49:11"]
[TimeControl "180+0"]

1. e4 c5 2. Nf3 Nc6 3. d4 cxd4 4. Nxd4 e6 5. Nb5 a6 6. Nd6+ Bxd6 7. Qxd6 Qe7
8. e5 Qxd6 9. exd6 Nf6 10. c4 Nd4 11. Na3 Ne4 12. Be3 Nf5 13. Bd3 Nexd6 14.
O-O-O Nxe3 15. fxe3 Ke7 16. c5 Ne8 17. Nc4 b5 18. cxb6 d5 19. Ne5 f6 20.
Nc6+ Kd6 21. Nb4 Kc5 22. a3 Kxb6 23. e4 d4 24. Rd2 Bd7 25. Rf1 a5 26. Nc2
Rc8 27. Kb1 Ba4 28. Nxd4 e5 29. Nf5 Rd8 30. Ne7 Nc7 31. Rc1 Bb5 32. Rcd1 Rd7
33. Nd5+ Nxd5 34. exd5 Rxd5 35. Bxb5 Rxd2 36. Rxd2 Kxb5 37. Rd7 g6 38. Rf7
f5 39. Re7 e4 40. Re5+ Kb6 41. Kc2 Rc8+ 42. Kd2 Rd8+ 43. Ke2 Rd7 44. Re6+
Kc5 45. Re5+ Kb6 46. b4 axb4 47. axb4 Rd4 48. Re6+ Kb5 49. Re7 Kxb4 50. Rxh7
Rd6 51. Rg7 Kc4 52. Rc7+ Kd5 53. Rb7 Ke5 54. Rb5+ Ke6 55. g3 g5 56. Rb7 f4
57. h4 {Black forfeits on time} 1-0

[Event "ICC Open 2015"]
[Site "Internet Chess Club"]
[Date "2015.05.29"]
[Round "4"]
[White "MWeston"]
[Black "f5"]
[Result "1-0"]
[ICCResult "Black forfeits on time"]
[WhiteElo "2719"]
[BlackElo "2152"]
[Opening "Nimzovich-Larsen attack: classical variation"]
[ECO "A01"]
[NIC "VO.08"]
[Time "19:49:22"]
[TimeControl "180+0"]

1. b3 d5 2. Bb2 c6 3. e3 Nd7 4. Nf3 e6 5. g3 f5 6. Bg2 Ngf6 7. O-O Bd6 8. d3
Qe7 9. Nbd2 O-O 10. e4 dxe4 11. dxe4 Nxe4 12. Nxe4 fxe4 13. Nd4 e5 14. Ne2
e3 15. fxe3 Rxf1+ 16. Qxf1 Bc5 17. Qf2 Nf6 18. h3 Bd7 19. Kh2 Rf8 20. Qg1
Qe8 21. Bf3 Bf5 22. g4 Be4 23. Qg2 Bxf3 24. Qxf3 Nd5 25. Qg3 Bxe3 26. Kh1
Bf4 27. Qd3 Qe7 28. Rf1 Qh4 29. Rf3 Qe1+ 30. Ng1 e4 31. Qd4 Rf7 32. Qf2 Qxf2
33. Rxf2 e3 34. Re2 Bg5 35. Be5 Rf2 36. Bg3 Rxe2 37. Nxe2 Kf7 38. Kg2 h6 39.
Kf3 Ke7 40. c4 Nb4 41. a3 Nc2 42. Bf4 Bxf4 43. Kxf4 Nxa3 44. Kxe3 Nc2+ 45.
Ke4 Nb4 46. Nd4 c5 47. Nf5+ Kf6 48. h4 Nc6 49. h5 Ne7 50. Ne3 Ke6 51. Ng2
Nc6 52. Nf4+ Kf6 53. Nd3 Kg5 54. Nxc5 Kxg4 55. Nxb7 Kxh5 56. Nd6 Kg5 57.
Nf7+ Kg4 58. Nd6 h5 59. Nf5 h4 60. Ne3+ Kg3 61. Nf5+ Kg2 62. Nxg7 h3 63. Nf5
{Black forfeits on time}
1-0

[Event "ICC Open 2015"]
[Site "Internet Chess Club"]
[Date "2015.05.29"]
[Round "4"]
[White "BehindBluEyes"]
[Black "GGuseinov"]
[Result "1-0"]
[ICCResult "Black checkmated"]
[WhiteElo "2276"]
[BlackElo "2999"]
[Opening "Sicilian: Alapin's variation (2.c3)"]
[ECO "B22"]
[NIC "SI.46"]
[Time "19:49:33"]
[TimeControl "180+0"]

1. e4 c5 2. c3 d5 3. exd5 Qxd5 4. d4 Nf6 5. Nf3 Bg4 6. Be2 e6 7. Be3 cxd4 8.
cxd4 Nc6 9. O-O Be7 10. Nc3 Qd6 11. Rc1 O-O 12. a3 Rfd8 13. Qa4 a6 14. Rfd1
b5 15. Qb3 Na5 16. Qa2 Rac8 17. h3 Bxf3 18. Bxf3 Nc4 19. Bg5 h6 20. Bh4 Nd5
21. Bg3 Nxc3 22. Rxc3 Qd7 23. d5 Bf6 24. dxe6 Qxe6 25. Rcd3 Rxd3 26. Rxd3
Be5 27. Bd5 Qg6 28. Rf3 Bxg3 29. Bxf7+ Qxf7 30. Rxf7 Kxf7 31. fxg3 Kg8 32.
Qb3 Kh8 33. a4 Rc5 34. axb5 axb5 35. Qb4 Re5 36. Qf8+ Kh7 37. b3 Ne3 38. Qb8
Rd5 39. Kf2 Nd1+ 40. Kf3 Nc3 41. Qb7 Rf5+ 42. Ke3 b4 43. Kd3 Rd5+ 44. Kc2
Rg5 45. Qxb4 Nd5 46. Qe4+ Kh8 47. h4 Rh5 48. Qe8+ Kh7 49. Qxh5 Ne3+ 50. Kd3
Nxg2 51. Qf5+ Kh8 52. b4 Ne1+ 53. Ke2 Ng2 54. Qf8+ Kh7 55. Qf5+ Kh8 56. b5
g6 57. Qf7 h5 58. b6 g5 59. b7 Nf4+ 60. gxf4 gxf4 61. b8=Q# {Black
checkmated} 1-0

[Event "ICC Open 2015"]
[Site "Internet Chess Club"]
[Date "2015.05.29"]
[Round "4"]
[White "Ricardov"]
[Black "Doondoon"]
[Result "1-0"]
[ICCResult "Black forfeits on time"]
[WhiteElo "2329"]
[BlackElo "1694"]
[Opening "Trompowsky attack (Ruth, Opocenský opening)"]
[ECO "A45"]
[NIC "QP.07"]
[Time "19:49:07"]
[TimeControl "180+0"]

1. d4 Nf6 2. Bg5 c5 3. d5 e6 4. Nc3 d6 5. e4 e5 6. Qd2 h6 7. Be3 Be7 8. f3
a6 9. a4 Nbd7 10. Nh3 Qc7 11. Nf2 Rb8 12. Bc4 Nb6 13. Qe2 Bd7 14. a5 Nxc4
15. Qxc4 O-O 16. b4 Rfc8 17. bxc5 dxc5 18. Nd3 Bd6 19. O-O Ne8 20. Rfb1 f6
21. Rb6 f5 22. exf5 Bxf5 23. Ne4 Bxe4 24. fxe4 Qe7 25. Rab1 Rc7 26. Rxa6
Rbc8 27. Rab6 Nf6 28. h3 Nh5 29. a6 bxa6 30. Rxa6 Nf6 31. Rbb6 Ne8 32. Rc6
Kf7 33. Rxc7 Rxc7 34. Rc6 Kg8 35. Rxc7 Qxc7 36. Bxc5 Qe7 37. Qb4 Bxc5+ 38.
Qxc5 Qf6 39. Qf2 Qd6 40. c4 Nf6 41. c5 Qc7 42. Qf5 Qa5 43. Qxe5 Qd2 44. Qd4
Nh5 45. e5 Ng3 46. e6 Nf5 47. Qe4 Qd1+ 48. Kf2 Qd2+ 49. Qe2 Qc3 50. e7 Nxe7
51. Qxe7 Qxd3 52. Qe6+ Kh7 53. d6 Qd4+ 54. Kg3 Qxc5 55. d7 Qc7+ 56. Kf3 Qc3+
57. Ke4 Qe1+ 58. Kd5 Qd2+ 59. Kc6 Qc3+ 60. Kd6 Qd3+ 61. Ke7 Qa3+ 62. Ke8
Qa8+ 63. d8=Q Qa4+ 64. Qdd7 Qa3 65. Qf5+ {Black forfeits on time} 1-0

[Event "ICC Open 2015"]
[Site "Internet Chess Club"]
[Date "2015.05.29"]
[Round "4"]
[White "warlord1"]
[Black "Kaliman20"]
[Result "1-0"]
[ICCResult "Black forfeits on time"]
[WhiteElo "1470"]
[BlackElo "1858"]
[Opening "Queen's pawn game"]
[ECO "D00"]
[NIC "QP.08"]
[Time "19:49:10"]
[TimeControl "180+0"]

1. d4 d5 2. h3 Nf6 3. Bf4 Bf5 4. e3 c6 5. Nd2 Nbd7 6. g4 Bg6 7. h4 h5 8. g5
Ne4 9. f3 Nxd2 10. Qxd2 e6 11. Bg3 Be7 12. Bg2 O-O 13. Ne2 c5 14. O-O Rc8
15. c3 Nb6 16. b3 c4 17. e4 dxe4 18. fxe4 a6 19. Rfc1 Bd6 20. e5 Be7 21.
Bxb7 Rc7 22. Bxa6 Bd3 23. Nf4 Nd5 24. Nxd3 cxd3 25. Qxd3 Ba3 26. Rc2 Qa8 27.
Bc4 Nb6 28. Bb5 Qc8 29. c4 Nd5 30. Qd2 Bb4 31. Qe2 Nc3 32. Qd3 Nd5 33. c5
Ne7 34. Bc4 Nf5 35. Bf2 Qb7 36. a3 Ba5 37. b4 Bxb4 38. axb4 Qxb4 39. Be1 Qb7
40. Ra6 Rd8 41. Rb6 Qc8 42. Qf3 Qd7 43. Bf2 Ra7 44. Rb1 Ra5 45. c6 Qc7 46.
d5 exd5 47. Bxd5 Raxd5 48. Rb7 Rxe5 49. Rxc7 Rde8 50. Rd7 Re1+ 51. Bxe1
Rxe1+ 52. Kf2 Re8 53. c7 {Black forfeits on time} 1-0

[Event "ICC Open 2015"]
[Site "Internet Chess Club"]
[Date "2015.05.29"]
[Round "4"]
[White "vincentparagas"]
[Black "OuttaShape"]
[Result "0-1"]
[ICCResult "White forfeits on time"]
[WhiteElo "1596"]
[BlackElo "2125"]
[Opening "Trompowsky attack (Ruth, Opocenský opening)"]
[ECO "A45"]
[NIC "QP.07"]
[Time "19:48:56"]
[TimeControl "180+0"]

1. d4 Nf6 2. Bg5 g6 3. Nd2 d5 4. c3 Bg7 5. Qb3 O-O 6. h3 Nbd7 7. Ngf3 c5 8.
e3 c4 9. Qc2 b5 10. a4 bxa4 11. Rxa4 a5 12. Be2 Nb6 13. Ra2 Bf5 14. Qc1 a4
15. O-O Qd6 16. Ne5 Ne4 17. Nxe4 Bxe4 18. f3 Bf5 19. g4 Bc8 20. Bf4 Qf6 21.
g5 Qf5 22. Ng4 Re8 23. Bd1 Nd7 24. Bc2 Qe6 25. e4 Bb7 26. Qa1 dxe4 27. Re1
Qf5 28. Bxe4 Qxf4 29. Bxb7 Qg3+ 30. Kh1 Qxh3+ 31. Kg1 Qg3+ 32. Kh1 Rab8 33.
Be4 f5 34. Rg1 Qh4+ 35. Nh2 fxe4 36. fxe4 Qxe4+ 37. Rg2 e5 38. Rxa4 exd4 39.
Rxc4 Qe1+ 40. Rg1 Qxa1 41. Rxa1 dxc3 42. bxc3 Rec8 43. Rxc8+ Rxc8 44. Ra7
Ne5 45. Nf1 Nf3 46. Kg2 Nxg5 47. Kg3 Ne4+ 48. Kf4 Nxc3 49. Ne3 Nd5+ 50. Nxd5
Rf8+ 51. Kg5 Rf5+ 52. Kh4 Rxd5 53. Ra8+ Bf8 54. Ra7 Rf5 55. Rd7 Rf7 56. Rd4
Kg7 57. Kh3 h5 58. Rd6 Be7 59. Rc6 Rf6 60. Rc8 Rf7 61. Re8 Bf6 62. Rc8 g5
63. Rc2 Kg6 64. Kg2 g4 65. Kh1 Bg5 66. Rc5 Rf6 {White forfeits on time} 0-1

[Event "ICC Open 2015"]
[Site "Internet Chess Club"]
[Date "2015.05.29"]
[Round "4"]
[White "achessman"]
[Black "Parsifal"]
[Result "0-1"]
[ICCResult "White checkmated"]
[WhiteElo "1948"]
[BlackElo "2421"]
[Opening "Robatsch (modern) defense"]
[ECO "B07"]
[NIC "VO.17"]
[Time "19:50:28"]
[TimeControl "180+0"]

1. e4 d6 2. d4 g6 3. Nc3 Bg7 4. Be3 c6 5. Qd2 b5 6. f3 Nd7 7. Nge2 Bb7 8.
O-O-O Qa5 9. a3 Nb6 10. Ng3 h5 11. h4 Nf6 12. Kb1 Rb8 13. Na2 Qxd2 14. Rxd2
Nc4 15. Bxc4 bxc4 16. Ne2 Nd7 17. Rhd1 Ba6 18. Nb4 Bb5 19. Nc3 a5 20. Nba2
Ba6 21. Rf2 O-O 22. g4 hxg4 23. fxg4 Nf6 24. Rg2 Rb7 25. h5 Rfb8 26. Bc1 Nd7
27. hxg6 fxg6 28. Rh2 c5 29. Ne2 cxd4 30. Nxd4 Nc5 31. c3 Nxe4 32. Rdh1
Nxc3+ 33. Nxc3 Bxd4 34. Nd5 c3 35. Rh7 Bd3+ 36. Ka2 Bc4+ 37. Kb1 Rxb2+ 38.
Ka1 Ra2# {White checkmated} 0-1

[Event "ICC Open 2015"]
[Site "Internet Chess Club"]
[Date "2015.05.29"]
[Round "4"]
[White "golpeador"]
[Black "RLH2"]
[Result "1-0"]
[ICCResult "Black forfeits on time"]
[WhiteElo "2436"]
[BlackElo "2847"]
[Opening "Réti opening"]
[ECO "A04"]
[NIC "QP.11"]
[Time "19:49:32"]
[TimeControl "180+0"]

1. Nf3 g6 2. d4 Bg7 3. Bf4 d6 4. e3 Nf6 5. h3 O-O 6. Be2 Nc6 7. c3 Nd7 8.
O-O e5 9. Bh2 e4 10. Nfd2 f5 11. b4 d5 12. b5 Ne7 13. c4 Nb6 14. Nc3 dxc4
15. Nxc4 Be6 16. Na5 Rb8 17. Qc2 Qd7 18. Rac1 Rfc8 19. Nb3 Bxb3 20. Qxb3+
Kh8 21. a4 Nbd5 22. Nxd5 Nxd5 23. Rc5 Nf6 24. Rfc1 Ne8 25. a5 Ra8 26. Bc4
Rcb8 27. Be6 Qd8 28. Bxc7 Nxc7 29. Rxc7 f4 30. Qd5 fxe3 31. fxe3 Qxd5 32.
Bxd5 Bh6 33. R1c3 Rf8 34. Bxb7 Rab8 35. b6 axb6 36. axb6 Bg5 37. Rd7 Bd8 38.
Bxe4 Bxb6 39. Bf3 Ba5 40. Ra3 Bd2 41. Kf2 Rb2 42. Kg3 Be1+ 43. Kh2 Bf2 44.
Re7 Bh4 45. Raa7 Bxe7 46. Rxe7 Rxf3 47. d5 Rff2 48. Kg3 Rxg2+ 49. Kf3 Rb4
50. Kxg2 {Black forfeits on time} 1-0

[Event "ICC Open 2015"]
[Site "Internet Chess Club"]
[Date "2015.05.29"]
[Round "4"]
[White "Anneay"]
[Black "rynos0411"]
[Result "1-0"]
[ICCResult "Black forfeits on time"]
[WhiteElo "2490"]
[BlackElo "1684"]
[Opening "Giuoco Piano"]
[ECO "C54"]
[NIC "IG.02"]
[Time "19:49:31"]
[TimeControl "180+0"]

1. e4 e5 2. Nf3 Nc6 3. Bc4 Bc5 4. c3 Nf6 5. d3 h6 6. Nbd2 d6 7. Bb3 O-O 8.
Nf1 Ne7 9. Ng3 Ng6 10. O-O Re8 11. h3 Be6 12. Bc2 Qd7 13. a4 Bxh3 14. gxh3
Qxh3 15. d4 exd4 16. cxd4 Bb6 17. Re1 Nh4 18. Nxh4 Qxh4 19. Be3 Ng4 20. Qf3
Qh2+ 21. Kf1 Qh4 22. Ke2 Nxe3 23. fxe3 d5 24. Rh1 Qf6 25. e5 Qd8 26. Nf5
Rxe5 27. dxe5 Qg5 28. Rag1 Qd8 29. Rxg7+ Kf8 30. Rxf7+ Kxf7 31. Nxh6+ Ke6
32. Qf7+ {Black forfeits on time} 1-0

[Event "ICC Open 2015"]
[Site "Internet Chess Club"]
[Date "2015.05.29"]
[Round "4"]
[White "Smays"]
[Black "hamballe"]
[Result "1-0"]
[ICCResult "Black forfeits on time"]
[WhiteElo "1636"]
[BlackElo "1446"]
[Opening "Grünfeld: 5.e3"]
[ECO "D94"]
[NIC "GI.09"]
[Time "19:48:58"]
[TimeControl "180+0"]

1. d4 Nf6 2. Nf3 g6 3. c4 Bg7 4. Nc3 d5 5. e3 O-O 6. Be2 c5 7. O-O cxd4 8.
Nxd5 Nxd5 9. cxd5 Qxd5 10. Nxd4 Nc6 11. Bf3 Qd7 12. Nxc6 bxc6 13. Qa4 Bb7
14. Rd1 Qc7 15. Bd2 Bxb2 16. Rab1 Bg7 17. Ba5 Qc8 18. Rbc1 c5 19. Bxb7 Qxb7
20. Rxc5 Rac8 21. Rcd5 e6 22. Rd7 Qc6 23. Qxc6 Rxc6 24. Rxa7 Rfc8 25. g3 Rc1
26. Rxc1 Rxc1+ 27. Kg2 Rc8 28. Bc7 h6 29. a4 Kh7 30. a5 Bf8 31. Bb6 Kg7 32.
Bd4+ Kg8 33. a6 Bc5 34. Bxc5 Rxc5 35. Ra8+ Kg7 36. a7 Ra5 37. h4 g5 38. hxg5
hxg5 39. Kf3 f6 40. Kg4 Kh7 41. Kh5 Kg7 42. Kg4 Kh7 43. e4 Kg7 44. f4 gxf4
45. gxf4 Kh7 46. f5 exf5+ 47. exf5 Kg7 48. Kf4 Kh7 49. Ke4 Kg7 50. Kd4 Kf7
51. Kc4 Kg7 52. Kb4 Rxf5 53. Rb8 {Black forfeits on time} 1-0

[Event "ICC Open 2015"]
[Site "Internet Chess Club"]
[Date "2015.05.29"]
[Round "4"]
[White "Hareaum"]
[Black "TheSettersDad"]
[Result "1-0"]
[ICCResult "Black forfeits on time"]
[WhiteElo "1739"]
[BlackElo "1499"]
[Opening "Sicilian: Steinitz variation"]
[ECO "B20"]
[NIC "SI.48"]
[Time "19:49:35"]
[TimeControl "180+0"]

1. e4 c5 2. g3 g6 3. Bg2 Bg7 4. Ne2 Nc6 5. c3 e5 6. d3 Nge7 7. O-O O-O 8. f4
d6 9. f5 gxf5 10. Bg5 h6 11. Bh4 Qb6 12. Qb3 Qxb3 13. axb3 fxe4 14. Bxe4 d5
15. Bg2 Be6 16. Nd2 Ng6 17. Nf3 e4 18. dxe4 dxe4 19. Nd2 Nxh4 20. gxh4 e3
21. Nc4 Rad8 22. Bxc6 bxc6 23. Nf4 Bxc4 24. bxc4 Rd2 25. Ng2 e2 26. Rfe1
Rxb2 27. Ra3 Rd8 28. Kf2 Re8 29. Ne3 Be5 30. Ng4 Bg7 31. Ne3 Be5 32. Rxe2
Rxe2+ 33. Kxe2 Re7 34. Kf3 Bxh2 35. Nf5 Rb7 36. Nxh6+ Kf8 37. Ng4 Bd6 38.
Nf6 Kg7 39. Ne4 Be5 40. Nxc5 Re7 41. Ne4 f5 42. Ng5 Rd7 43. Ra5 Rd3+ 44. Ke2
Rxc3 45. Rxe5 Rxc4 46. Ne6+ Kg6 47. Re3 Rxh4 48. Kf3 Kf6 49. Nf4 Rg4 50.
Re6+ Kf7 51. Rxc6 a6 52. Rxa6 Kg7 53. Nd5 Rg1 54. Ne3 Re1 55. Kf4 Rf1+ 56.
Nxf1 Kf7 57. Ne3 {Black forfeits on time} 1-0

[Event "ICC Open 2015"]
[Site "Internet Chess Club"]
[Date "2015.05.29"]
[Round "4"]
[White "fearlessone"]
[Black "PJJVenegas"]
[Result "1/2-1/2"]
[ICCResult "White ran out of time and Black has no material to mate"]
[WhiteElo "1700"]
[BlackElo "1805"]
[Opening "Van't Kruijs opening"]
[ECO "A00"]
[Time "19:49:44"]
[TimeControl "180+0"]

1. e3 c5 2. Ne2 Nf6 3. d3 g6 4. Nd2 Bg7 5. g3 O-O 6. Bg2 d5 7. O-O Nc6 8. a3
e5 9. Rb1 Bg4 10. b3 Qd7 11. Bb2 Rfe8 12. Qe1 Rad8 13. Nf3 e4 14. Nd2 Bh3
15. Nf4 Bxg2 16. Nxg2 g5 17. Bxf6 Bxf6 18. f3 exd3 19. cxd3 Ne5 20. Qe2 b5
21. Rbc1 c4 22. bxc4 dxc4 23. d4 Nd3 24. Ne4 Bg7 25. Rb1 h6 26. Rfd1 f5 27.
Nf2 Bxd4 28. Nxd3 cxd3 29. Rxd3 Qg7 30. Qa2+ Kh8 31. exd4 Rxd4 32. Rbd1 Rxd3
33. Rxd3 Rc8 34. Qd2 Qa1+ 35. Ne1 Rc1 36. Rd8+ Kh7 37. Qd7+ Qg7 38. Qxg7+
Kxg7 39. Kf2 Rc3 40. Rd7+ Kg6 41. Rxa7 Rb3 42. Ra6+ Kh5 43. a4 g4 44. axb5
Rxb5 45. fxg4+ Kxg4 46. Ra4+ Kg5 47. Rf4 h5 48. Nf3+ Kg6 49. Nh4+ Kg5 50.
Rxf5+ Rxf5+ 51. Nxf5 Kxf5 52. h3 Kg5 53. Kf3 Kh6 54. h4 Kg6 55. Kf4 Kh6 56.
g4 hxg4 57. Kxg4 Kh7 58. Kg3 Kh8 59. Kh3 Kh7 60. Kg4 Kh6 61. Kf4 Kh7 62. Kg3
Kh8 63. Kh3 Kh7 64. Kh2 Kh8 65. Kg2 Kg8 66. Kf2 Kh8 67. Kg3 Kh7 68. Kf3 Kh8
69. Kf4 Kg8 70. Kg3 Kh8 71. Kh3 Kh7 72. Kg4 Kh8 73. Kg3 Kh7 74. Kh2 Kh8 75.
Kg2 Kh7 76. Kh3 Kh8 77. Kg3 Kh7 78. Kh2 Kh8 79. Kg2 Kh7 80. Kh3 Kh8 81. Kg3
Kg8 82. Kg4 Kh8 83. h5 Kh7 84. Kg5 Kh8 85. Kh4 Kg8 86. Kg4 Kh8 87. Kg5 Kh7
88. h6 Kh8 89. Kh5 Kg8 90. Kg6 Kh8
{White ran out of time and Black has no material to mate}
1/2-1/2